Cogmind - Beta 14 @@@ ROGUE MODE // 2025.04.23 @ 17:35:44 Player: RHAHI Result: Self-destructed Performance ------------- Evolutions (2) 1000 Regions Visited (5) 1000 Robots Destroyed (27) 135 Value Destroyed (404) 404 Prototype IDs (6) 120 Alien Tech Used (0) 0 Bonus (214) 214 TOTAL SCORE: 2873 Bonus ------- Follower Combat Kills 232 Friendly Fire -18 Cogmind --------- Core Integrity 414/550 Matter 240/300 Energy 125/125 System Corruption 0% Temperature Cool (0) Movement Hovering (105) Ox1 Location -8/Materials Parts ------- > --- POWER (1) -------- Light Ion Engine > --- PROPULSION (3) --- Hover Unit Aerolev Unit Aerolev Unit > --- UTILITY (5) ------ Medium Storage Unit Structural Scanner Improved Terrain Scanner Hacking Suite Splice Drone Bay (5/6) > --- WEAPON (2) ------- EM Pulse Cannon Makeshift Hammer > --- INVENTORY (10) --- Light Nuclear Core Micro Nuclear Core Faulty Aerolev Unit Small Battery (94) High-capacity Matter Pod (200) Improved Signal Interpreter Improved Terrain Scanner Transport Network Coupler Mini Grenade Launcher Improved Grenade Launcher Peak State ------------ > --- POWER ------------ Light Ion Engine > --- PROPULSION ------- Hover Unit Aerolev Unit Aerolev Unit > --- UTILITY ---------- Medium Storage Unit Structural Scanner Experimental Sensor Array Improved Terrain Scanner Transmission Jammer > --- WEAPON ----------- Light Assault Rifle Makeshift Hammer > --- INVENTORY -------- Cooled Ion Engine Cooled Ion Engine Light Nuclear Core Micro Nuclear Core Aerolev Unit Improved Heat Sink High-capacity Matter Pod Structural Scanner Transport Network Coupler Splice Drone Bay [Rating: 36] Favorites ----------- Power Light Ion Engine Engine Light Ion Engine Power Core Micro Nuclear Core Propulsion Wheel Leg Aluminum Leg Wheel Wheel Hover Unit Aerolev Unit Utility Seismic Detector Device Seismic Detector Storage High-capacity Storage Unit Hackware Hacking Suite Weapon Light Assault Rifle Energy Gun Medium Laser Energy Cannon EM Pulse Cannon Ballistic Gun Light Assault Rifle Launcher Mini Grenade Launcher Special Weapon Mining Laser Impact Weapon Makeshift Hammer Build | -11 -10 -10 -10 -9 -8 ------- Run | Yrd Mat Min Exi Min Mat Slots Evolved 4 | . . . . . 4 Power . | . . . . . . Propulsion 1 | . . . . . 1 Utility 3 | . . . . . 3 Weapon . | . . . . . . Parts Attached 49 | 7 3 6 . 5 28 Power 8 | 1 . 2 . 1 4 Engine 7 | 1 . 2 . 1 3 Core 1 | . . . . . 1 Reactor . | . . . . . . Propulsion 13 | 2 . 2 . 3 6 Treads . | . . . . . . Leg 1 | . . . . . 1 Wheel 7 | 2 . 2 . 3 . Hover 5 | . . . . . 5 Flight . | . . . . . . Utility 14 | 2 1 . . . 11 Device 10 | 1 . . . . 9 Storage 3 | 1 1 . . . 1 Processor . | . . . . . . Hackware 1 | . . . . . 1 Protection . | . . . . . . Artifact . | . . . . . . Weapon 14 | 2 2 2 . 1 7 Energy Gun 2 | 2 . . . . . Energy Cannon 1 | . . . . . 1 Ballistic Gun 6 | . 2 1 . 1 2 Ballistic Cannon . | . . . . . . Launcher 2 | . . . . . 2 Special Weapon 2 | . . 1 . . 1 Impact Weapon 1 | . . . . . 1 Slashing Weapon . | . . . . . . Piercing Weapon . | . . . . . . Special Melee Weapon . | . . . . . . Unidentified Prototypes 4 | . . . . . 4 Parts Lost 11 | . 1 2 . 3 5 Power 2 | . . 1 . . 1 Propulsion 7 | . 1 1 . 3 2 Utility 1 | . . . . . 1 Weapon 1 | . . . . . 1 Highest Loss Streak 4 | . 1 1 . 1 4 To Critical Strikes . | . . . . . . Average Slot Usage (%) 97 | . 98 99 100 97 90 Engine 12 | . 14 13 14 14 5 Wheel 24 | . 27 27 28 25 6 Hover 2 | . . . . . 13 Device 16 | . 14 14 14 14 33 Storage 13 | . 14 14 14 14 7 Ballistic Gun 18 | . 17 25 14 21 11 Special Weapon 5 | . . 3 14 6 . Peak Build Rating 36 | 7 8 10 10 11 36 Average Rating 12 | 5 7 9 10 10 29 On Entrance 7 | . 7 7 10 10 11 Naked Turns . | . . . . . . Heaviest Build 59 | 12 46 48 46 46 59 Greatest Support 26 | 26 26 26 20 20 22 Greatest Overweight (x) 4 | . 2 4 2 4 2 Average Overweight (x) 1 | . . 1 2 2 . Largest Inventory Capacity 20 | 8 20 20 20 20 20 Average Capacity 18 | 7 14 20 20 20 13 Most Carried 20 | 8 10 20 20 20 20 Average Carried 16 | 4 7 18 19 19 12 Final Capacity 20 | 8 20 20 20 20 10 Final Carried 20 | 6 10 20 20 20 10 Class Distribution -------------------- 76% | Mutant 9% | Scavenger-Mutant 7% | Scavenger-Skirmisher 3% | Scout Dominant Class ---------------- Mutant | -10/Materials Mutant | -10/Mines Mutant | -10/Exiles Mutant | -9/Mines Scavenger-Skirmisher | -8/Materials Resources | -11 -10 -10 -10 -9 -8 ----------- Run | Yrd Mat Min Exi Min Mat Matter Collected 1110 | 270 . 394 50 122 274 Remotely . | . . . . . . Salvage Created 606 | 24 68 213 . 147 154 Parts 50 | 5 4 16 . 17 8 Haulers Intercepted 1 | . . . . . 1 Recyclers Shooed 1 | . . . . . 1 Parts Field Recycled . | . . . . . . Retrieved Matter . | . . . . . . Parts Self-Destructed . | . . . . . . Prevented . | . . . . . . Kills | -11 -10 -10 -10 -9 -8 ------- Run | Yrd Mat Min Exi Min Mat Combat Hostiles Destroyed 21 | . 1 10 . 7 3 Guns 21 | . 1 10 . 7 3 Classes Destroyed 7 | 1 2 1 . 1 2 Builder 2 | . . . . 2 . Tunneler 1 | 1 . . . . . Hauler 1 | . . . . . 1 Operator 2 | . 1 . . . 1 Swarmer 17 | . . 8 . 7 2 Grunt 3 | . 1 2 . . . Sentry 1 | . . . . . 1 Best Kill Streak 5 | 1 1 3 . 5 2 Combat Bots Only 4 | . 1 3 . 4 2 Max Kills in Single Turn 1 | 1 1 1 . 1 1 Gunslinging . | . . . . . . Exploded . | . . . . . . Melee . | . . . . . . Uniques/NPCs Destroyed . | . . . . . . Combat | -11 -10 -10 -10 -9 -8 -------- Run | Yrd Mat Min Exi Min Mat Hostile Shots Fired 153 | . 15 36 . 41 61 Missed 38 | . 4 6 . 10 18 Damage Taken 1275 | . 134 288 . 287 566 Core 325 | . 33 52 . 104 136 Absorbed by Shields . | . . . . . . Core Remaining (%) 62 | 100 . . . 24 . Volleys Fired 113 | 1 13 31 . 34 34 Largest 2 | 2 2 2 . 2 2 Hottest 120 | 90 90 120 . 40 40 Shots Fired 215 | 2 26 62 . 68 57 Gun 214 | 2 26 61 . 68 57 Cannon . | . . . . . . Launcher . | . . . . . . Special 1 | . . 1 . . . Kinetic 206 | . 20 61 . 68 57 Thermal 9 | 2 6 1 . . . Explosive . | . . . . . . Electromagnetic . | . . . . . . Robot Hit Streak 12 | 1 4 12 . 5 6 Robot Miss Streak 6 | . 3 6 . 6 5 Penetration Max . | . . . . . . Secondary Targets 2 | . . 2 . . . Max Gunslinging Chain 1 | . . 1 . . . Shots Hit Robots 121 | 1 17 39 . 31 33 Core Hits 55 | 1 9 18 . 16 11 Critical Kills 1 | . . 1 . . . Critical Parts Destroyed 2 | . . . . 1 1 Critical Strikes 3 | . . 1 . 1 1 Destroy 3 | . . 1 . 1 1 Melee Attacks 7 | . . . . . 7 Impact 7 | . . . . . 7 Slashing . | . . . . . . Piercing . | . . . . . . Sneak Attacks . | . . . . . . Combat Hostiles . | . . . . . . Follow-up Attacks . | . . . . . . Damage Inflicted 1115 | 12 151 312 . 296 344 Guns 1053 | 12 151 312 . 296 282 Cannons . | . . . . . . Explosions . | . . . . . . Melee 62 | . . . . . 62 Ramming . | . . . . . . Kinetic 981 | . 91 312 . 296 282 Thermal 72 | 12 60 . . . . Explosive . | . . . . . . Electromagnetic . | . . . . . . Impact 62 | . . . . . 62 Slashing . | . . . . . . Piercing . | . . . . . . Highest Corruption . | . . . . . . Average Corruption . | . . . . . . Corruption Purged . | . . . . . . Corruption Blocked . | . . . . . . Overload Shots . | . . . . . . Overflow Damage 32 | . . . . . 32 Projectiles . | . . . . . . Explosions . | . . . . . . Melee 32 | . . . . . 32 Knockbacks 1 | . . . . . 1 Impact 1 | . . . . . 1 Kinetic . | . . . . . . Secondary . | . . . . . . Self-Inflicted Damage . | . . . . . . Shots . | . . . . . . Rammed . | . . . . . . Targets Rammed . | . . . . . . Kicked . | . . . . . . Crushed . | . . . . . . Highest Temperature 42 | 30 30 40 . 27 42 Average Temperature 14 | 17 16 13 . 15 11 Received Heat Transfer 435 | . 93 63 . 27 252 Siege Activations . | . . . . . . Robots Corrupted 1 | . . . . . 1 Combat Hostiles . | . . . . . . Parts Fried 3 | . . . . . 3 Impact Corruptions 2 | . . . . . 2 Robots Melted . | . . . . . . Combat Hostiles . | . . . . . . Parts Melted 1 | . . . . . 1 Heat Transferred 198 | 37 161 . . . . Parts Sabotaged . | . . . . . . Parts Stolen . | . . . . . . Parts Stripped . | . . . . . . Power Chain Reactions . | . . . . . . Alert | -11 -10 -10 -10 -9 -8 ------- Run | Yrd Mat Min Exi Min Mat Peak Influence 297 | 5 117 162 . 186 297 Initial 72 | . 3 7 . . 72 Average 77 | 2 40 66 . 46 179 Maximum Alert Level 1 | . . . . . 1 Low Security (%) 90 | 100 100 100 . 100 49 Level 1 9 | . . . . . 50 Level 2 . | . . . . . . Level 3 . | . . . . . . Level 4 . | . . . . . . Level 5 . | . . . . . . High Security . | . . . . . . Max Security . | . . . . . . Squads Dispatched 6 | . 3 . . . 3 Investigation 4 | . 2 . . . 2 Extermination . | . . . . . . Reinforcement 1 | . 1 . . . . Assault . | . . . . . . Garrison 1 | . . . . . 1 Intercept . | . . . . . . Searches Triggered . | . . . . . . Construction Impeded . | . . . . . . Haulers Reinforced . | . . . . . . Active Scanning Responses . | . . . . . . Cargo Convoy Interrupts . | . . . . . . Stealth | -11 -10 -10 -10 -9 -8 --------- Run | Yrd Mat Min Exi Min Mat Distress Signals 2 | . 2 . . . . Communications Jammed . | . . . . . . Distress Signals . | . . . . . . Times Spotted 54 | . 12 13 . 12 17 Peak Tracking Total 5 | . 5 3 . 4 5 Tactical Retreats 2 | . 1 1 . . . Traps | -11 -10 -10 -10 -9 -8 ------- Run | Yrd Mat Min Exi Min Mat Traps Triggered 1 | . 1 . . . . Indirectly . | . . . . . . Trap Hack Attempts . | . . . . . . Triggered . | . . . . . . Disarmed . | . . . . . . Reprogrammed . | . . . . . . Reused . | . . . . . . Traps Extracted . | . . . . . . Installed . | . . . . . . Triggered . | . . . . . . Machines | -11 -10 -10 -10 -9 -8 ---------- Run | Yrd Mat Min Exi Min Mat Machines Disabled 1 | . . . . . 1 Max in Single Turn . | . . . . . . Machines Repaired . | . . . . . . Machines Dismantled . | . . . . . . Machines Sabotaged . | . . . . . . Overloaded Fab Kills . | . . . . . . Hacking | -11 -10 -10 -10 -9 -8 --------- Run | Yrd Mat Min Exi Min Mat Machines Accessed 17 | . 5 1 4 . 7 Terminals 11 | . 5 . . . 6 Fabricators . | . . . . . . Repair Stations 1 | . . . . . 1 Recycling Units . | . . . . . . Scanalyzers . | . . . . . . Garrison Access . | . . . . . . Total Hacks 42 | . 14 1 4 . 23 Successful 29 | . 8 1 4 . 16 Failed 13 | . 6 . . . 7 Catastrophic 1 | . . . . . 1 Database Lockouts . | . . . . . . Manual 33 | . 15 . 2 . 16 Terminals 35 | . 14 . . . 21 Fabricators . | . . . . . . Repair Stations 2 | . . . . . 2 Recycling Units . | . . . . . . Scanalyzers . | . . . . . . Garrison Access . | . . . . . . Terminal Hacks 21 | . 7 1 4 . 9 Record 4 | . . . 4 . . Robot Analysis 7 | . 4 . . . 3 Prototype ID Bank 1 | . . . . . 1 Open Door 1 | . . 1 . . . Branch Access Points 1 | . . . . . 1 Alert Level 1 | . . . . . 1 Unreport Threat 1 | . 1 . . . . Locate Traps 1 | . 1 . . . . Dispatch Records 1 | . 1 . . . . Investigation Status 1 | . . . . . 1 Reinforcement Status 1 | . . . . . 1 Recall Investigation 1 | . . . . . 1 Fabricator Hacks . | . . . . . . Repair Station Hacks 2 | . . . . . 2 Scan Component 1 | . . . . . 1 Repair 1 | . . . . . 1 Recycling Unit Hacks . | . . . . . . Scanalyzer . | . . . . . . Garrison Access Hacks . | . . . . . . Unauthorized Hacks 6 | . 1 . . . 5 Terminals 6 | . 1 . . . 5 Botnet 6 | . 1 . . . 5 Fabricators . | . . . . . . Repair Stations . | . . . . . . Recycling Units . | . . . . . . Scanalyzers . | . . . . . . Garrison Access . | . . . . . . Data Cores Recovered 1 | . . . . . 1 Used . | . . . . . . Hacking Detections 10 | . 4 . . . 6 Full Trace Events 5 | . 4 . . . 1 Feedback Events . | . . . . . . Feedback Blocked . | . . . . . . Robot Schematics Acquired . | . . . . . . Robots Built . | . . . . . . Authchips . | . . . . . . Time . | . . . . . . Total Robot Build Rating . | . . . . . . Part Schematics Acquired . | . . . . . . Parts Built . | . . . . . . Authchips . | . . . . . . Time . | . . . . . . Total Part Build Rating . | . . . . . . Parts Repaired . | . . . . . . Time 108 | . . . . . 108 Parts Recycled . | . . . . . . Recycled Matter . | . . . . . . Retrieved Matter . | . . . . . . Retrieved Components . | . . . . . . Parts Scanalyzed . | . . . . . . Part Schematics Acquired . | . . . . . . Parts Damaged . | . . . . . . Bothacking | -11 -10 -10 -10 -9 -8 ------------ Run | Yrd Mat Min Exi Min Mat Used RIF Installer . | . . . . . . Robots Hacked . | . . . . . . Non-combat . | . . . . . . Combat . | . . . . . . Robot Hacks Applied . | . . . . . . Relay Couplers Released . | . . . . . . Fabnet Peak Effective % . | . . . . . . Robots Rewired . | . . . . . . Allies Hacked . | . . . . . . Hacks Repelled . | . . . . . . Allies | -11 -10 -10 -10 -9 -8 -------- Run | Yrd Mat Min Exi Min Mat Total Allies 5 | . . 3 . 2 . Largest Group 3 | . . 3 . 2 2 Highest-Rated Group 45 | . . 40 . 45 42 Highest-Rated Ally 31 | . . 16 . 31 28 Total Orders . | . . . . . . Ally Attacks 65 | . . 19 . 19 27 Total Damage 846 | . . 184 . 323 339 Kills 14 | . . 5 . 4 5 Allies Corrupted . | . . . . . . Allies Melted . | . . . . . . Intel | -11 -10 -10 -10 -9 -8 ------- Run | Yrd Mat Min Exi Min Mat Robot Analysis Total 7 | . 4 . . . 3 Derelict Logs Recovered 2 | . . 1 . 1 . Drone Launches 5 | . . . . . 5 Drone Recoveries 4 | . . . . . 4 Exploration | -11 -10 -10 -10 -9 -8 ------------- Run | Yrd Mat Min Exi Min Mat Turns Passed 2995 | 89 241 841 715 663 446 Spaces Moved 2452 | 74 195 653 649 486 395 Core 2 | 2 . . . . . Treads . | . . . . . . Legs 18 | . . . . . 18 Wheels 2154 | 72 195 653 649 486 99 Hover 278 | . . . . . 278 Flight . | . . . . . . Fastest Speed 45 | 50 90 105 110 110 45 Average Speed 101 | 88 98 107 110 112 68 Slowest Speed 140 | 90 130 140 110 140 120 Overloaded Moves . | . . . . . . Propulsion Burnouts . | . . . . . . Robots Hopped . | . . . . . . Cave-ins Triggered . | . . . . . . Exploration Rate (%) 60 | 4 45 89 92 97 37 Regions Visited 5 Branch Regions 3 Pre-discovered Areas 2 | . . 1 . 1 . Known Exits Taken . | . . . . . . Unknown Exits Taken 5 | 1 1 1 1 1 . Scrap Searched 4 | . . 2 . 2 . Spaces Dug 6 | . . . . . 6 Terrain Destroyed 6 | . . . . . 6 Melee 6 | . . . . . 6 Projectile . | . . . . . . AOE . | . . . . . . Terrain Rammed . | . . . . . . Walls Destroyed . | . . . . . . Machines Disabled . | . . . . . . Actions | -11 -10 -10 -10 -9 -8 --------- Run | Yrd Mat Min Exi Min Mat Total 2774 | 93 225 743 650 546 517 Wait 62 | . 2 29 . 13 18 Move 2447 | 73 194 652 648 485 395 Hop . | . . . . . . Pick Up 54 | 10 6 18 1 4 15 Fast Attach 20 | 5 2 1 . 3 9 Attach 14 | 2 . 3 . 1 8 Detach 7 | . 2 . . 1 4 Swap 15 | . 1 2 . 1 11 Drop 35 | 2 5 7 1 4 16 Fire 113 | 1 13 31 . 34 34 Melee 7 | . . . . . 7 Ram . | . . . . . . Kick . | . . . . . . Crush . | . . . . . . Escape Stasis . | . . . . . . Rewire . | . . . . . . Trap . | . . . . . . Miscellaneous . | . . . . . . Route ------- -11/Scrapyard -10/Materials -10/Mines (discovered 3 exits: [*Mat x2] / *Exi) -10/Exiles (discovered 2 exits: [*Min x2]) -9/Mines (discovered 2 exits: *Mat x2) -8/Materials (discovered 1 exit: Sto) History --------- Turn | Location | Event 19 | -11/Scrapyard | Discovered new exit (range 16) 90 | -11/Scrapyard | Entered Materials 167 | -10/Materials | Discovered new exit (range 16) 312 | -10/Materials | Build established: Mutant 331 | -10/Materials | Entered Mines 395 | -10/Mines | Found DCF Scrap (15 items) 441 | -10/Mines | Assisted by bots powering up and referring to "LRC-V3" 640 | -10/Mines | A weapon hastily lodged in a ceiling crevice suddenly fell to the ground 980 | -10/Mines | Discovered new exit (range 8) 992 | -10/Mines | Discovered new exit (range 3) 1031 | -10/Mines | Deemed a non-threat by the Exiles lab entrance 1056 | -10/Mines | Discovered new exit (range 9) 1075 | -10/Mines | Found the Drone Emporium 1086 | -10/Mines | Found Prototype Device 1172 | -10/Mines | Entered Exiles 1172 | -10/Exiles | Found Exiles lab abandoned 1189 | -10/Exiles | Discovered new exit (range 15) 1671 | -10/Exiles | Discovered new exit (range 14) 1887 | -10/Exiles | Entered Mines 1888 | -9/Mines | Learned location of Storage (-8) 1905 | -9/Mines | Found a damaged Exp. Sensor Array with a note attached 1908 | -9/Mines | Found Prototype Device 1930 | -9/Mines | Discovered new exit (range 12) 2318 | -9/Mines | Core integrity fell below 50% 2437 | -9/Mines | Learned 2 Materials zone layouts 2488 | -9/Mines | Discovered new exit (range 10) 2550 | -9/Mines | Entered Materials 2550 | -8/Materials | Accompanied by 2 allies 2550 | -8/Materials | Evolved 4 slots: Propulsion x1, Utility x3 2555 | -8/Materials | Led the pair of lost Derelicts to an unsafe place 2560 | -8/Materials | Identified Splice Drone Bay 2588 | -8/Materials | Identified Exp. Sensor Array 2753 | -8/Materials | Lost 4 parts (1p2n1w) 2934 | -8/Materials | Identified exit to Storage 2980 | -8/Materials | Garrison activated, responded to threat 2996 | -8/Materials | Self-destructed Last Messages --------------- 02982_ U-05 Engineer builds a Wall. 02983_ Splice Drone retrieved by Splice Drone Bay. [Achievement: Error 47] 02992_ Splice Drone released from Splice Drone Bay. 02993_ U-05 Engineer lays Concrete. 02993_ U-05 Engineer builds a Wall. 02994_ U-05 Engineer lays Concrete. 02994_ Splice Drone sneak attacks. 02994_ Splice Drone injecting G-47 Trooper... 02994_ U-05 Engineer lays Concrete. 02994_ Splice Drone sneak attacks. 02994_ Splice Drone injecting G-47 Trooper... 02994_ G-47 Trooper springs to life. 02995_ U-05 Engineer builds a Wall. 02995_ K-01 Serf collects debris. 02996_ U-05 Engineer builds a Wall. 02996_ Splice Drone retrieved by Splice Drone Bay. Map ----- +----------------------------------------------------+ | ???# #?????# #???????????????????????????? | | ?### #?????# #???????????????????????????? | | ? # #?????# #???????????????????????????? | | ? # #?????# #???????????????????????????? | | ? # """ """ #?????# #???????????????????????????? | | ? # """ """ ####### #####???????????????????????? | | ??????????? #"?"### ????????????????????????????? | | ???????? #"R"### ????????????????????????????? | | ????????#####" "# ????????????????????????????? | | ???????? ????????????????????????????? | | ???????? ????????????????????????????? | | ??????? !! ????????????????????????????? | | #??????? !! ????????????????????????????? | | ???????? # ?????????????????????????? | | ??????? ###?????????????????????????? | | ?????#" ! ##?????????????????????????? | | ##???## ##?????????????????????????? | | ##???## ##?????????????????????????? | | ##???## ###????????????????????????? | | ##???###?## t=########### # ?????????? | | ####?????## !u#############+### ????????? | | ####?????## !uuku ???????? | | ##?????## =uu ???????? | | ##?????## g ???????? | | ##?????## ############n########+#????????????? | | ##?????## # ! ## @ ## ????????????? | | #########% # ## """" "##????????????????? | | ######### + """ ## """" T##????????????????? | | # "R ## """" "##????????????????? | | # """ ## ##????????????????? | | # ## """" ##????????????????? | | ######### ######### """" ##????????????????? | | ######### ######### """" [##????????????????? | | ##?????## ##?????## ##????????????????? | | ##?????## ##?????############????????????????? | | ##?????## ##?????############????????????????? | | ##?????## ##?????????????????????????????????? | | ##?????## ##?????????????????????????????????? | | ##?????# #?????????????????????????????????? | | ##?????? ##????????????????????????????????? | | ##?????? ##????????????????????????????????? | | !!##?????? ##????????????????????????????????? | | !!##?????? ##????????????????????????????????? | | ####?????????????????????????????????????????????? | | ####?????????????????????????????????????????????? | | ?????????????????????????????????????????????????? | | ?????????????????????????????????????????????????? | | ?????????????????????????????????????????????????? | | ?????????????????????????????????????????????????? | | ?????????????????????????????????????????????????? | +----------------------------------------------------+ Best States ------------- Heat Dissipation 31 Energy Generation 15 Energy Capacity 280 Matter Stores 300 Matter Capacity 300 Sight Range 16 Robot Scan Range 20 Terrain Scan Range 16 Terrain Scan Density 10 Jamming Range 12 Evasion (%) 56 Offensive Hacking 10 Item Schematics ----------------- None Robot Schematics ------------------ None Fabricated ------------ Nothing Alien Tech Used ----------------- None Achievements -------------- Armchair Analyst Error 47 Loot Pinata Challenges ------------ None Game ------ Seed GyrokineticOmegaArticulator Manual? 0 Play Time 01:15:20 Cumulative 31.8 hours Start 2025.04.21 @ 00:26:20 End 2025.04.23 @ 17:35:44 Sessions 5 Manual Loads 0 Difficulty Rogue Special Mode None Game No. 7 Rogue 6 Adventurer 1 Explorer 0 Win Type - Total 0 Types 0/0/0/0/0/0/0/0/0 Lore% 12 Gallery% 23 Achievement% 27 Wizard Run 0 Options --------- Layout 1 ASCII 0 Keyboard 1 Movement Vi Keybinds 0 Fullscreen 2 Font 32/TamsynBold Map View 50x35 Zoom Use 0% Tactical HUD 1 Map Filters NONE Filters NONE Steam 1 RUN: e0eca9dc-01ff-43db-8659-f065a28e1e74